 Dungeon Crawl Stone Soup version 0.16-a0-3939-g9a3e665 (webtiles) character file.

63 abixa the Charmwright (level 4, 0/33 HPs)
             Began as a Merfolk Skald on Feb 6, 2015.
             Killed from afar by an orc wizard (12 damage)
             ... with a puff of flame
             ... on level 4 of the Dungeon.
             The game lasted 00:05:57 (2398 turns).

abixa the Charmwright (Merfolk Skald)               Turns: 2398, Time: 00:05:57

Health: 0/33       AC:  4    Str: 12    XL:     4   Next: 9%
Magic:  1/7        EV: 13    Int: 11    God:
Gold:   112        SH:  0    Dex: 14    Spells: 3 memorised, 1 level left

rFire  . . .     SeeInvis .     a - +0 spear
rCold  . . .     Clarity  .     b - +0 leather armour
rNeg   . . .     SustAb   .     (no shield)
rPois  .         Gourm    .     x - +0 helmet
rElec  .         Spirit   .     (no cloak)
rCorr  .         Warding  .     (no gloves)
rMut   .         Stasis   .     (no boots)
MR     .....                    (no amulet)
Stlth  +.........               (no ring)
                                (no ring)

@: lethally poisoned (0 -> -4), short of breath, infused, singing, very slightly
contaminated, slowed, very slow, not resistant to hostile enchantments, very
unstealthy
A: change form in water, swift swim
a: Stop Singing


You were on level 4 of the Dungeon.
You were hungry.

You visited 1 branch of the dungeon, and saw 4 of its levels.

You collected 112 gold pieces.

Inventory:

Hand weapons
 a - a +0 spear (weapon)
 g - a +0 hunting sling
 y - a +0 blowgun
Missiles
 h - 10 arrows
 k - 14 bolts of frost
 m - 75 stones (quivered)
 t - 12 sling bullets
 w - 11 poisoned needles
Armour
 b - a +0 leather armour (worn)
 x - a +0 helmet (worn)
Scrolls
 e - 2 scrolls of remove curse {unknown}
 i - a scroll of enchant weapon {unknown}
 j - 4 scrolls of identify {unknown}
 l - 2 scrolls of enchant armour {unknown}
 o - a scroll of blinking {unknown}
 p - 2 scrolls of noise {unknown}
 s - a scroll of recharging {unknown}
 B - a scroll of immolation {unknown}
Potions
 f - 2 potions of curing
 r - a potion of magic {unknown}
 u - 2 potions of haste {unknown}
 v - a potion of restore abilities {unknown}
 A - a potion of brilliance {unknown}
Books
 c - a book of Battle

   Spells                             Type                      Level
   a - Infusion                       Charms                       1
   b - Shroud of Golubria             Charms/Translocation         2
   c - Song of Slaying                Charms                       2
   d - Spectral Weapon                Hexes/Charms                 3
   e - Regeneration                   Charms/Necromancy            3
Comestibles
 d - a bread ration
 n - a slice of pizza
 q - a royal jelly
 z - a meat ration


   Skills:
 - Level 2.1 Fighting
 + Level 4.0 Polearms
 - Level 0.6 Armour
 + Level 3.2 Dodging
 - Level 2.0 Spellcasting
 + Level 4.1 Charms


You had one spell level left.
You knew the following spells:

 Your Spells              Type           Power        Failure   Level  Hunger
a - Infusion              Chrm           ##....       10%         1    ##.....
b - Song of Slaying       Chrm           ##......     12%         2    ###....
c - Spectral Weapon       Hex/Chrm       #.......     50%         3    ####...


Dungeon Overview and Level Annotations

Branches:
Dungeon (4/15)
 Temple: D:4-7

Altars:
Fedhas
Xom


Message History

You close the door.
You feel sick.
Something unseen opens the door.
The orc moves out of view.
A giant cockroach comes into view.
Casting: Spectral Weapon
Confirm with . or Enter, or press ? or * to list all spells.
You begin infusing your attacks with magical energy.
You are feeling hungry.
You feel sick.
The orc wizard casts a spell.
You feel a wave of unholy energy pass over you.
The orc wizard hits you with a dagger.
You feel sick. The orc wizard barely misses you.
Casting: Infusion
Confirm with . or Enter, or press ? or * to list all spells.
You start singing a song of slaying.
You feel sick.
You hear a shout!
The orc wizard hits you with a dagger. The orc wizard casts a spell at you.
The puff of flame hits you!
You die...

#####
......
###......
#K'....s..
#o# #@#
#.# #.#
#.# #.#
#.# #.#
#.# #.#


You could see an orc wizard and a kobold.

Vanquished Creatures
  Robin (D:2)
  A worm (D:2)
  A giant gecko (D:1)
  2 oozes (D:2)
  A ball python (D:1)
  6 bats
  2 giant cockroaches (D:2)
  6 goblins
  5 hobgoblins
  6 jackals
  A giant newt (D:2)
  4 kobolds
  4 rats
40 creatures vanquished.

Notes
Turn   | Place    | Note
--------------------------------------------------------------
     0 | D:1      | abixa, the Merfolk Skald, began the quest for the Orb.
     0 | D:1      | Reached XP level 1. HP: 16/16 MP: 3/3
   355 | D:1      | Reached XP level 2. HP: 22/22 MP: 1/4
   723 | D:2      | Found a blossoming altar of Fedhas.
   920 | D:2      | Reached XP level 3. HP: 27/27 MP: 6/6
  1125 | D:2      | Found a shimmering altar of Xom.
  1639 | D:2      | Noticed Robin
  1827 | D:2      | Learned a level 2 spell: Song of Slaying
  1831 | D:2      | Learned a level 3 spell: Spectral Weapon
  1857 | D:2      | Killed Robin
  1857 | D:2      | Reached skill level 4 in Polearms
  1857 | D:2      | Reached XP level 4. HP: 20/33 MP: 3/7
  2398 | D:4      | Killed from afar by an orc wizard

Action                   |  1- 3 |  4- 6 || total
-------------------------+-------+-------++-------
Melee: Spear             |   188 |    13 ||   201
 Cast: Infusion          |    13 |     2 ||    15
       Song of Slaying   |     1 |     1 ||     2
  Use: Potion            |       |     1 ||     1
  Eat: Chunk             |     3 |     2 ||     5
